 Dungeon Crawl Stone Soup version 0.28-a0-1347-g113dc556a4 (webtiles) character file.

Game seed: 9844566616192482550

11441 bande the Cleaver (level 11, -3/66 HPs)
             Began as a Gargoyle Fighter on Dec 30, 2021.
             Was a High Priest of Okawaru.
             Killed from afar by a rime drake (4 damage)
             ... with a flash freeze
             ... on level 3 of the Lair of Beasts.
             The game lasted 00:31:32 (15812 turns).

bande the Cleaver (Gargoyle Fighter)               Turns: 15812, Time: 00:31:33

Health: -3/66      AC: 37    Str: 19    XL:     11   Next: 77%
Magic:  0/16       EV:  7    Int: 10    God:    Okawaru [*****.]
Gold:   709        SH: 18    Dex: 13    Spells: 10/10 levels left

rFire   . . .      SeeInvis +   y - +1 mace (protect)
rCold   + . .      Faith    .   A - +0 tower shield
rNeg    + . .      Spirit   +   n - +8 chain mail of Supple Strength {rC+}
rPois   ∞          Reflect  .   (no helmet)
rElec   +          Harm     .   j - +0 cloak
rCorr   .          Rampage  .   (no gloves)
Will    .....                   (no boots)
Stlth   ..........              i - amulet of guardian spirit
HPRegen 0.21/turn               u - ring of see invisible
MPRegen 0.15/turn               (no ring)

@: mighty, heroic, under a protective aura, mesmerised
A: sickness immunity, AC +8, negative energy resistance 1, electricity
resistance, torment resistance 1, petrification resistance
a: Renounce Religion, Heroism, Finesse, Duel


You were on level 3 of the Lair of Beasts.
You worshipped Okawaru.
Okawaru was extremely pleased with you.
You visited 3 branches of the dungeon, and saw 13 of its levels.
You also visited: Sewer, Ossuary and Bailey.

You collected 709 gold pieces.

Inventory:

Hand Weapons
 a - a +1 war axe of electrocution
 w - a +0 broad axe
 y - a +1 mace of protection (weapon)
 B - a +0 broad axe
Armour
 j - a +0 cloak (worn)
 n - the +8 chain mail of Supple Strength (worn) {rC+}
   (You found it on level 4 of the Dungeon)

   rC:        It protects you from cold.
 A - a +0 tower shield (worn)
Jewellery
 i - an amulet of guardian spirit (around neck)
 u - a ring of see invisible (left hand)
 D - a ring of protection from cold
 G - a ring of magical power
Wands
 c - a wand of digging (3)
 v - a wand of flame (16)
 C - a wand of iceblast (8)
Scrolls
 b - 2 scrolls of fog
 m - 3 scrolls of teleportation
 o - 5 scrolls of identify
 q - a scroll of enchant weapon
 r - 2 scrolls of enchant armour
 s - a scroll of magic mapping
 z - a scroll of brand weapon
 E - a scroll of amnesia
 F - a scroll of blinking
Potions
 d - 5 potions of might
 e - 2 potions of invisibility
 f - 4 potions of haste
 g - 3 potions of brilliance
 h - 2 potions of berserk rage
 k - 5 potions of heal wounds
 l - 3 potions of magic
 p - 5 potions of flight
 t - a potion of ambrosia
 x - 3 potions of resistance


   Skills:
 + Level 6.9(11.9) Fighting
 + Level 10.2(15.2) Axes
 + Level 8.8(13.8) Armour
 + Level 8.8(13.8) Shields
 * Level 7.6 Invocations
 * Level 5.1 Evocations


You had 10 spell levels left.
You didn't know any spells.
Your spell library contained the following spells:

 Spells                   Type           Power      Damage    Failure   Level
 Static Discharge         Conj/Air       0%         N/A       100%        2
 Ozocubu's Armour         Ice            0%         N/A       100%        3
 Dispel Undead            Necr           0%         3d6       100%        4
 Sticky Flame             Conj/Fire      0%         2d3       100%        4
 Metabolic Englaciation   Hex/Ice        0%         N/A       100%        5
 Simulacrum               Ice/Necr       Unusable   N/A       N/A         6

Dungeon Overview and Level Annotations

Branches:
Dungeon (9/15)             Temple (1/1) D:4            Lair (3/6) D:9
 Shoals (0/4) Lair:3          Orc (0/2) D:9           Sewer (visited)
Ossuary (visited)          Bailey (visited)
  Swamp: Lair:2-4     Snake: Lair:2-4    Spider: Lair:2-4

Altars:
Ashenzari
Cheibriados
Dithmenos
Elyvilon
Gozag
Makhleb
Okawaru
Qazlal
Ru
Sif Muna
Uskayaw
Vehumet
Xom
Yredelemnul
Zin
The Shining One

Shops:
D:8 (


Innate Abilities, Weirdness & Mutations

You are immune to sickness and miasma.
Your stone body is resilient. (AC +8)
You are immune to poison.
You resist negative energy. (rN+)
You are resistant to electric shocks. (rElec)
You are resistant to unholy torment.
You are immune to petrification.


Message History

The merfolk hits you but does no damage.
The rime drake breathes ice at you. The flash freeze hits you.
You partially resist.
You are encased in ice.
The rime drake bites you.
The merfolk siren chants a haunting song.
You are mesmerised by the merfolk siren!
You thump the seven-headed hydra!
The seven-headed hydra is heavily wounded.
The seven-headed hydra bites you but does no damage.
You block the seven-headed hydra's attack.
The seven-headed hydra closely misses you.
The seven-headed hydra bites you but does no damage. x3
The seven-headed hydra bites you. You block the merfolk's attack.
The rime drake closely misses you.
The rime drake bites you but does no damage.
The merfolk siren chants a haunting song.
You barely miss the seven-headed hydra.
The seven-headed hydra is heavily wounded.
You block the merfolk's attack.
You block the seven-headed hydra's attack.
The seven-headed hydra bites you!
You block the seven-headed hydra's attack.
The seven-headed hydra bites you but does no damage.
The seven-headed hydra bites you.
* * * LOW HITPOINT WARNING * * *
The seven-headed hydra bites you but does no damage.
The seven-headed hydra barely misses you.
The rime drake bites you.
* * * LOW HITPOINT WARNING * * *
You block the rime drake's attack.
The merfolk siren chants its luring song.
The merfolk hits you from afar with a +0 trident!
* * * LOW HITPOINT WARNING * * *
You bludgeon the seven-headed hydra!!
The seven-headed hydra is severely wounded.
The ice encasing you melts away. The rime drake breathes ice at you.
The flash freeze hits you. You partially resist.
You die...

.......[..# .
##.........##
.. .........>P#
...#.(.......##
..#...........#
..............#
..............#
.......@k.....#
....###Dk.....#
. mm#....##
.≈m#....# ..m##
...# #|≈≈ ...#
.#≈# ..# #.>≈
..#


You could see a seven-headed hydra, 2 merfolk, 2 merfolk sirens and 2 rime
drakes.

Vanquished Creatures
  2 vault guards (Bailey)
  A two-headed ogre (D:8)
  Pikel (D:5)
  2 cyclopes (D:9)
  Maurice (D:8)
  A black mamba (Lair:2)
  A cane toad (Lair:2)
  A polar bear (Lair:1)
  Prince Ribbit (D:7)
  9 blink frogs
  A wraith (D:9)
  3 yaks (Lair:1)
  A basilisk (Lair:2)
  5 humans (Bailey)
  A water moccasin (D:9)
  4 orc warriors
  A black bear (D:6)
  An ogre (D:5)
  5 necrophages
  3 centaurs
  A phantom (D:3)
  A kobold brigand (Sewer)
  13 bullfrogs
  2 scorpions
  A wyvern skeleton (D:7)
  5 killer bees (D:7)
  5 wights
  2 centaur zombies (D:9)
  2 hounds
  Crazy Yiuf (D:6)
  5 jellies
  5 orc priests
  2 centaur skeletons
  4 iguanas
  A gnoll shaman (D:6)
  5 orc wizards
  A killer bee zombie (D:6)
  3 mummies (Ossuary)
  13 adders
  12 gnolls
  A howler monkey skeleton (D:7)
  2 river rats (Sewer)
  A white imp (D:6)
  2 ufetubi (D:5)
  2 adder zombies (Ossuary)
  2 adder skeletons (D:4)
  3 worms
  21 orcs
  3 ball pythons
  9 endoplasms
  3 giant cockroaches
  A gnoll zombie (Ossuary)
  11 goblins
  9 hobgoblins
  3 jackals (D:2)
  A quokka (D:4)
  3 bats
  7 frilled lizards
  2 goblin zombies (Ossuary)
  5 hobgoblin zombies (Ossuary)
  8 kobolds
  2 kobold zombies (Ossuary)
  4 quokka zombies (Ossuary)
  6 rats
  2 rat zombies (Ossuary)
242 creatures vanquished.

Vanquished Creatures (others)
  4 fungi
  4 plants
8 creatures vanquished.

Grand Total: 250 creatures vanquished

Notes
Turn   | Place    | Note
-------+----------+-------------------------------------------
     0 | D:1      | bande the Gargoyle Fighter began the quest for the Orb.
     0 | D:1      | Reached XP level 1. HP: 14/14 MP: 1/1
    86 | D:1      | Reached XP level 2. HP: 11/19 MP: 2/2
   587 | D:1      | Reached skill level 2 in Axes
  1107 | D:1      | Reached XP level 3. HP: 21/23 MP: 3/3
  1592 | D:2      | Reached XP level 4. HP: 20/28 MP: 4/4
  2032 | D:3      | Reached skill level 3 in Axes
  2132 | D:3      | Noticed a phantom
  2144 | D:3      | Killed a phantom
  2145 | D:3      | Reached XP level 5. HP: 22/33 MP: 5/5
  2287 | D:3      | Found a glowing drain.
  2298 | Sewer    | Entered a sewer
  2914 | Sewer    | Noticed a kobold brigand
  2928 | Sewer    | Killed a kobold brigand
  2929 | Sewer    | Reached skill level 4 in Axes
  2929 | Sewer    | Reached XP level 6. HP: 27/38 MP: 6/6
  3954 | D:2      | Found a faded altar of an unknown god.
  4647 | D:4      | Identified the +8 chain mail of Supple Strength {rC+}
  4826 | D:4      | Found a staircase to the Ecumenical Temple.
  4894 | Temple   | Entered the Ecumenical Temple
  5015 | Temple   | Became a worshipper of Warmaster Okawaru
  5355 | D:5      | Entered Level 5 of the Dungeon
  5415 | D:5      | Noticed a necrophage
  5428 | D:5      | Killed a necrophage
  5429 | D:5      | Reached skill level 5 in Armour
  5429 | D:5      | Reached skill level 1 in Invocations
  5429 | D:5      | Reached XP level 7. HP: 43/43 MP: 7/7
  5533 | D:5      | Found a sand-covered staircase.
  5539 | Ossuary  | Entered an ossuary
  5549 | Ossuary  | Reached skill level 5 in Axes
  5791 | D:5      | Reached * piety under Okawaru
  5819 | D:5      | Reached skill level 5 in Shields
  6352 | D:5      | Noticed Pikel
  6359 | D:5      | Reached XP level 8. HP: 45/48 MP: 9/9
  6377 | D:5      | Killed Pikel
  6377 | D:5      | Reached ** piety under Okawaru
  6378 | D:5      | Reached skill level 6 in Axes
  6673 | D:5      | Identified the +5 scale mail of the Lost Path {Harm Rampage
                  | SInv Stlth-}
  6773 | D:6      | Reached skill level 7 in Axes
  6781 | D:6      | Reached skill level 5 in Fighting
  6832 | D:6      | Reached XP level 9. HP: 34/54 MP: 10/12
  7053 | D:6      | Found the +18 Lear's hauberk
  7082 | D:6      | Reached *** piety under Okawaru
  7120 | D:6      | Found a hide-covered altar of Uskayaw.
  7512 | D:6      | Found a runed translucent door.
  7513 | D:6      | Noticed Crazy Yiuf
  7518 | D:6      | Killed Crazy Yiuf
  7591 | D:7      | Reached skill level 1 in Evocations
  7729 | D:7      | Reached skill level 8 in Axes
  8289 | D:8      | Noticed Prince Ribbit
  8307 | D:7      | Killed Prince Ribbit
  8609 | D:8      | Found a flagged portal.
  8626 | Bailey   | Entered a bailey
  8634 | Bailey   | Reached skill level 5 in Invocations
  8658 | Bailey   | Reached **** piety under Okawaru
  8996 | Bailey   | Reached XP level 10. HP: 60/60 MP: 12/14
  9523 | Bailey   | Noticed a vault guard
  9542 | Bailey   | HP: 3/60 [vault guard (10)]
  9543 | Bailey   | Killed a vault guard
  9952 | Bailey   | Noticed a vault guard
  9975 | Bailey   | Killed a vault guard
  9975 | Bailey   | Reached ***** piety under Okawaru
  9976 | Bailey   | Reached skill level 9 in Axes
 10844 | D:8      | Found Pacoust's Weapon Shoppe.
 11355 | D:8      | Noticed Maurice
 11357 | D:8      | Paralysed by something for 2 turns
 11374 | D:8      | Paralysed by Maurice for 5 turns
 11392 | D:8      | Paralysed by something for 2 turns
 11404 | D:8      | Killed Maurice
 11835 | D:9      | Noticed a cyclops
 11904 | D:9      | Killed a cyclops
 11904 | D:9      | Received a gift from Okawaru
 11905 | D:9      | Reached XP level 11. HP: 65/65 MP: 14/16
 11937 | D:9      | Found a staircase to the Orcish Mines.
 11980 | D:9      | Found a staircase to the Lair.
 12203 | D:9      | Noticed a cyclops
 12900 | D:9      | Killed a cyclops
 13012 | D:9      | Noticed a two-headed ogre
 13049 | D:8      | Killed a two-headed ogre
 13572 | Lair:1   | Entered Level 1 of the Lair of Beasts
 14477 | Lair:1   | Reached skill level 10 in Axes
 15565 | Lair:2   | Reached skill level 5 in Evocations
 15787 | Lair:2   | Noticed a seven-headed hydra
 15802 | Lair:3   | Found a staircase to the Shoals.
 15811 | Lair:3   | HP: 1/66 [merfolk (10)]
 15812 | Lair:3   | Killed from afar by a rime drake

Illustrated notes

Levels and vault maps discovered:
D:1:      wheals_arrival_linesprint, layout_loops_ring
D:2:      layout_loops_ring, dreamdust_ecumenical_altar_hidden_monk_grotto,
          minmay_tetromino_s2
D:3:      kennysheep_big_flooded_room, layout_loops_ring, portal_sewer_entry_b
D:4:      layout_loops_ring, minmay_temple_entry_water_ring
D:5:      layout_basic, enter_ossuary_2, uniq_pikel
D:6:      layout_cave_pools, nicolae_uskayaw_suspiria, uniq_crazy_yiuf_cottage
D:7:      layout_cave_pods, nicolae_lava_and_water
D:8:      layout_rooms, serial_shops, nicolae_shop_hallway_plus, enter_bailey_5,
          minmay_liquid_box, uniq_prince_ribbit1, uniq_maurice
D:9:      layout_rooms, lair_entry_dummy, david_orc_2
Temple:   mainiacjoe_temple_circle_huts
Lair:1:   layout_loops_ring, chequers_serial_rivers_micro_c
Lair:2:   layout_long_grid, basic_altar, grunt_megastairs_1,
          infiniplex_staircase_pool
Lair:3:   wad_woods_stonehenge, layout_gridlike, elwin_shoals_entry_stream,
          dummy_spider_entry

Skill      XL: |  1  2  3  4  5  6  7  8  9 10 11 |
---------------+----------------------------------+-----
Axes           | 2 3 4 5 7 8 9 10 | 10.2
Armour         | 4 5 6 8 |  8.8
Shields        | 4 5 6 7 8 |  8.8
Fighting       | 4 5 6 |  6.9
Invocations    | 1 2 4 5 6 7 |  7.6
Evocations     | 2 4 5 |  5.1

Action                   |  1- 3 |  4- 6 |  7- 9 | 10-12 || total
-------------------------+-------+-------+-------+-------++-------
Melee: War axe           |   123 |   261 |   259 |   396 ||  1039
       Mace              |       |       |       |     6 ||     6
Invok: Heroism           |       |       |       |     1 ||     1
  Use: Scroll            |     5 |     8 |     9 |     2 ||    24
       Potion            |       |       |       |     5 ||     5
Armor: Scale mail        |    59 |    13 |       |       ||    72
       Chain mail        |       |   145 |   199 |   335 ||   679
Dodge: Dodged            |    71 |    91 |    91 |    86 ||   339
Block: Buckler           |    29 |    99 |    58 |       ||   186
       Tower shield      |       |       |    73 |   405 ||   478

Table legend: (Time is in decaauts)
 A = Elapsed time spent in this place.
 B = Non-inter-level travel time spent in this place.
 C = Inter-level travel time spent in this place.
 D = Time resting spent in this place.
 E = Time spent auto-exploring this place.
 F = Levels seen in this place.
 G = Mean time per level.
                   A        B        C        D        E       F      G
               +--------+--------+--------+--------+--------+-----+--------+
         Total |  16238 |  15977 |    261 |   5714 |   6922 |  16 | 1014.9 |
       Dungeon |  10525 |  10295 |    230 |   2658 |   5532 |   9 | 1169.4 |
        Temple |    158 |    127 |     31 |      0 |    111 |   1 |  158.0 |
          Lair |   2287 |   2287 |      0 |    881 |    935 |   3 |  762.3 |
         Sewer |   1397 |   1397 |      0 |    846 |    257 |   1 | 1397.0 |
       Ossuary |    235 |    235 |      0 |     68 |     49 |   1 |  235.0 |
        Bailey |   1634 |   1634 |      0 |   1261 |     37 |   1 | 1634.0 |
               +--------+--------+--------+--------+--------+-----+--------+

Top non-repeatable levels by time:
     D:8: 2122 daAuts
  Bailey: 1634 daAuts
     D:7: 1407 daAuts
   Sewer: 1397 daAuts
  Lair:1: 1310 daAuts
     D:1: 1191 daAuts
     D:2: 1183 daAuts
     D:5: 1145 daAuts
     D:9: 993 daAuts
  Lair:2: 968 daAuts
     D:3: 933 daAuts
     D:6: 874 daAuts
     D:4: 673 daAuts
 Ossuary: 235 daAuts
  Temple: 158 daAuts
